Flames vs Predators

Created - April 27 2010 at 17:39

Goals
1 2 3 T
Flames 1 1 0 2
Predators 1 0 0 1
Shots
1 2 3 T
Flames 6 16 6 28
Predators 13 6 10 29

Period #1

1. Flames , Owen Nolan 7 (Robert Lang) at 2:16
2. Predators , Thomas Vanek 5 (Jeff Carter, Shea Weber) at 17:20

Penalties :
Brent Burns (NSH) for Roughing (Double Minor) at 5:16, Shea Weber (NSH) for High sticking (Minor) at 11:24, Niklas Backstrom (CGY) for Slashing (Minor) at 14:06 - Owen Nolan served the penalty., Shea Weber (NSH) for Tripping (Minor) at 18:12

Period #2

3. Flames , Owen Nolan 8 (Roman Hamrlik, Keith Tkachuk) at 8:36 (PP)

Penalties :
Keith Tkachuk (CGY) for Hooking (Minor) at 1:54, Braydon Coburn (NSH) for Tripping (Minor) at 7:03, Roman Hamrlik (CGY) for Hooking (Minor) at 10:26, Braydon Coburn (NSH) for Roughing (Minor) at 13:04, Shea Weber (NSH) for Fighting (Major) at 19:05, Mike Commodore (CGY) for Fighting (Major) at 19:05, Roman Hamrlik (CGY) for Slashing (Minor) at 19:12

Period #3

No Goal

Penalties :
Shea Weber (NSH) for High sticking (Minor) at 13:46, Daniel Sedin (CGY) for High sticking (Minor) at 17:14

Goalie Stats

Niklas Backstrom (CGY), 28 saves from 29 shots - (0.966), W, 12-2-1, 60:00 minutes
Pekka Rinne (NSH), 26 saves from 28 shots - (0.929), L, 7-7-0, 59:15 minutes

Players Stats

Flames
Player Name              G  A  P  +/- PIM S  H  SB FO    MP 
------------------------------------------------------------
Chris Pronger            0  0  0  -1  0   1  0  1  0/0   24 
Dan Boyle                0  0  0   0  0   4  0  2  0/0   20 
Daniel Sedin             0  0  0  -1  2   4  4  0  0/1   20 
Drew Stafford            0  0  0   0  0   0  0  0  0/0   0  
Henrik Sedin             0  0  0  -1  0   3  0  0  15/27 19 
Keith Tkachuk            0  1  1   1  2   2  4  0  2/2   17 
Marco Sturm              0  0  0   0  0   1  1  0  1/3   18 
Matt Cullen              0  0  0   0  0   0  0  0  3/9   6  
Mike Commodore           0  0  0   0  5   0  2  0  0/0   16 
Mikko Koivu              0  0  0   0  0   1  2  0  11/20 19 
Owen Nolan               2  0  2   1  0   6  0  0  1/2   17 
Paul Mara                0  0  0   0  0   0  0  1  0/0   5  
Phil Kessel              0  0  0  -1  0   1  0  0  0/0   19 
Robert Lang              0  1  1   1  0   2  0  0  8/22  17 
Roman Hamrlik            0  1  1   1  4   1  1  2  0/0   16 
Tobias Enstrom           0  0  0  -1  0   1  0  0  0/0   23 
Trevor Daley             0  0  0   1  0   0  2  1  0/0   16 
Valtteri Filppula        0  0  0   0  0   1  1  1  0/0   18 
Predators
Player Name              G  A  P  +/- PIM S  H  SB FO    MP 
------------------------------------------------------------
Alex Burrows             0  0  0   0  0   2  0  0  0/0   18 
Braydon Coburn           0  0  0   0  4   1  3  0  0/0   23 
Brent Burns              0  0  0  -1  4   0  0  0  0/0   20 
David Legwand            0  0  0  -1  0   2  1  0  11/24 18 
Derek Morris             0  0  0  -1  0   2  1  2  0/0   17 
Eric Nystrom             0  0  0   0  0   0  0  0  0/0   1  
Jeff Carter              0  1  1   1  0   6  0  1  14/29 22 
Jonathan Cheechoo        0  0  0   1  0   0  0  0  0/0   2  
Nicklas Backstrom        0  0  0   0  0   3  0  0  13/25 18 
Patrik Elias             0  0  0   0  0   2  1  0  2/2   15 
Scott Hartnell           0  0  0  -1  0   0  3  0  2/2   19 
Shea Weber               0  1  1   1  11  2  2  1  0/0   20 
Simon Gagne              0  0  0  -1  0   4  0  0  0/0   16 
Steven Stamkos           0  0  0   0  0   3  2  0  1/1   19 
Thomas Vanek             1  0  1   1  0   2  0  0  2/3   20 
Tomas Kaberle            0  0  0   1  0   0  0  0  0/0   20 
Viktor Kozlov            0  0  0   0  0   0  0  0  0/0   0  
Zbynek Michalek          0  0  0   0  0   0  0  2  0/0   20 

3 Stars

1 - Owen Nolan (CGY)
2 - Niklas Backstrom (CGY)
3 - Thomas Vanek (NSH)

Power Play

Flames - 1 on 6 Attempt(s) - 16.67%
Predators - 0 on 5 Attempt(s) - 0.00%

Penalty Kill

Flames - 5 on 5 Attempt(s) - 100.00% - Score 0 goal in Penalty Kill
Predators - 5 on 6 Attempt(s) - 83.33% - Score 0 goal in Penalty Kill

Game Notes

Shea Weber and Mike Commodore fight to a draw at 19:05 of 2nd period

Finance

Level 1 -- Attendance: 6500 (100.00%) -- Ticket Income $520,000.00
Level 2 -- Attendance: 5000 (100.00%) -- Ticket Income $260,000.00
Level 3 -- Attendance: 3500 (100.00%) -- Ticket Income $105,000.00
Level 4 -- Attendance: 1113 (100.00%) -- Ticket Income $22,260.00
Luxury Box -- Attendance: 1000 (100.00%) -- Ticket Income $135,000.00
Game was played at the Sommet Center
Total Attendance: 17113 (100.00%)
Total Ticket Income: $1,084,747.00
Other Income: $325,424.03
Total Income: $1,410,171.00


Play by Play

Period #1

0:01 of 1st period - Henrik Sedin wins face-off versus Jeff Carter in neutral zone.
0:09 of 1st period - Jeff Carter is hit by Daniel Sedin and loses puck.
0:18 of 1st period - Shot by Jeff Carter.
0:18 of 1st period - Stopped by Niklas Backstrom without a rebound.
0:19 of 1st period - Marco Sturm wins face-off versus Nicklas Backstrom in Flames zone.
0:19 of 1st period - Marco Sturm is hit by Steven Stamkos.
1:34 of 1st period - Icing by Chris Pronger.
1:35 of 1st period - David Legwand wins face-off versus Daniel Sedin in Flames zone.
2:12 of 1st period - Icing by Derek Morris.
2:13 of 1st period - Robert Lang wins face-off versus David Legwand in Predators zone.
2:14 of 1st period - Shot by Owen Nolan.
2:14 of 1st period - Shot Misses the Net.
2:16 of 1st period - Shot by Owen Nolan.
2:16 of 1st period - Goal by Owen Nolan - Flames : 1 - Predators : 0.
2:17 of 1st period - Jeff Carter wins face-off versus Robert Lang in neutral zone.
2:36 of 1st period - Shot by Jeff Carter.
2:36 of 1st period - Stopped by Niklas Backstrom with a rebound.
2:48 of 1st period - Shot by Jeff Carter.
2:48 of 1st period - Shot Misses the Net.
2:52 of 1st period - Shot by Thomas Vanek.
2:52 of 1st period - Deflect By Jeff Carter.
2:52 of 1st period - Shot Blocked by Trevor Daley.
2:56 of 1st period - Shot by Shea Weber.
2:56 of 1st period - Shot Misses the Net.
3:14 of 1st period - Shot by Alex Burrows.
3:14 of 1st period - Deflect By Nicklas Backstrom.
3:14 of 1st period - Stopped by Niklas Backstrom without a rebound.
3:15 of 1st period - Mikko Koivu wins face-off versus David Legwand in Flames zone.
3:15 of 1st period - Mikko Koivu is hit by Scott Hartnell.
3:18 of 1st period - Dan Boyle is hit by Scott Hartnell and loses puck.
3:27 of 1st period - Icing by Mikko Koivu.
3:28 of 1st period - Mikko Koivu wins face-off versus Nicklas Backstrom in Flames zone.
3:39 of 1st period - Shot by Mikko Koivu.
3:39 of 1st period - Shot Misses the Net.
3:49 of 1st period - Shot by Steven Stamkos.
3:49 of 1st period - Stopped by Niklas Backstrom without a rebound.
3:50 of 1st period - Henrik Sedin wins face-off versus David Legwand in Flames zone.
3:55 of 1st period - Derek Morris is hit by Daniel Sedin and loses puck.
4:48 of 1st period - Dan Boyle is hit by Scott Hartnell and loses puck.
5:16 of 1st period - Double Minor Penalty to Brent Burns for Roughing.
5:17 of 1st period - Thomas Vanek wins face-off versus Robert Lang in Predators zone.
6:10 of 1st period - Tomas Kaberle is hit by Keith Tkachuk and loses puck.
6:30 of 1st period - Icing by Dan Boyle.
6:31 of 1st period - Jeff Carter wins face-off versus Henrik Sedin in Flames zone.
6:32 of 1st period - Shot by Thomas Vanek.
6:32 of 1st period - Shot Blocked by Dan Boyle.
6:43 of 1st period - Off-side.
6:44 of 1st period - Jeff Carter wins face-off versus Henrik Sedin in neutral zone.
6:52 of 1st period - Icing by Phil Kessel.
6:53 of 1st period - Henrik Sedin wins face-off versus Jeff Carter in Flames zone.
7:00 of 1st period - Shot by Dan Boyle.
7:00 of 1st period - Shot Blocked by Derek Morris.
7:33 of 1st period - Icing by Trevor Daley.
7:34 of 1st period - Scott Hartnell wins face-off versus Henrik Sedin in Flames zone.
7:39 of 1st period - Shot by Jeff Carter.
7:39 of 1st period - Stopped by Niklas Backstrom with a rebound.
7:43 of 1st period - Shot by Jeff Carter.
7:43 of 1st period - Shot Misses the Net.
7:47 of 1st period - Shot by Shea Weber.
7:47 of 1st period - Shot Misses the Net.
8:13 of 1st period - Shot by Tobias Enstrom.
8:13 of 1st period - Shot Misses the Net.
8:15 of 1st period - Shot by Tobias Enstrom.
8:15 of 1st period - Stopped by Pekka Rinne without a rebound.
8:16 of 1st period - David Legwand wins face-off versus Robert Lang in Predators zone.
8:36 of 1st period - Shot by Chris Pronger.
8:36 of 1st period - Shot Misses the Net.
8:38 of 1st period - Shot by Robert Lang.
8:38 of 1st period - Stopped by Pekka Rinne without a rebound.
8:39 of 1st period - Jeff Carter wins face-off versus Robert Lang in Predators zone.
9:35 of 1st period - Alex Burrows is hit by Marco Sturm and loses puck.
10:05 of 1st period - Icing by Nicklas Backstrom.
10:06 of 1st period - Nicklas Backstrom wins face-off versus Matt Cullen in Predators zone.
10:31 of 1st period - Shot by Chris Pronger.
10:31 of 1st period - Stopped by Pekka Rinne without a rebound.
10:32 of 1st period - Robert Lang wins face-off versus Jeff Carter in Predators zone.
10:32 of 1st period - Robert Lang is hit by Shea Weber.
11:08 of 1st period - Icing by Tomas Kaberle.
11:09 of 1st period - Jeff Carter wins face-off versus Mikko Koivu in Predators zone.
11:14 of 1st period - Dan Boyle is hit by Patrik Elias and loses puck.
11:24 of 1st period - Minor Penalty to Shea Weber for High sticking.
11:25 of 1st period - Steven Stamkos wins face-off versus Henrik Sedin in Predators zone.
11:25 of 1st period - Steven Stamkos is hit by Daniel Sedin.
12:16 of 1st period - Icing by Chris Pronger.
12:17 of 1st period - Jeff Carter wins face-off versus Robert Lang in Flames zone.
13:46 of 1st period - Shot by Shea Weber.
13:46 of 1st period - Stopped by Niklas Backstrom without a rebound.
13:47 of 1st period - Henrik Sedin wins face-off versus David Legwand in Flames zone.
13:49 of 1st period - Icing by Phil Kessel.
13:50 of 1st period - David Legwand wins face-off versus Henrik Sedin in Flames zone.
14:01 of 1st period - Shot by David Legwand.
14:01 of 1st period - Stopped by Niklas Backstrom without a rebound.
14:02 of 1st period - Robert Lang wins face-off versus Jeff Carter in Flames zone.
14:04 of 1st period - Icing by Owen Nolan.
14:05 of 1st period - Nicklas Backstrom wins face-off versus Robert Lang in Flames zone.
14:06 of 1st period - Shot by Steven Stamkos.
14:06 of 1st period - Stopped by Niklas Backstrom without a rebound.
14:06 of 1st period - Minor Penalty to Niklas Backstrom for Slashing.
14:07 of 1st period - Nicklas Backstrom wins face-off versus Matt Cullen in Flames zone.
14:38 of 1st period - Steven Stamkos is hit by Mike Commodore and loses puck.
15:03 of 1st period - Shot by Simon Gagne.
15:03 of 1st period - Shot Blocked by Valtteri Filppula.
15:05 of 1st period - Shot by Simon Gagne.
15:05 of 1st period - Deflect By Jeff Carter.
15:05 of 1st period - Stopped by Niklas Backstrom without a rebound.
15:06 of 1st period - Jeff Carter wins face-off versus Matt Cullen in Flames zone.
15:45 of 1st period - Simon Gagne is hit by Mikko Koivu and loses puck.
16:32 of 1st period - Shot by Derek Morris.
16:32 of 1st period - Stopped by Niklas Backstrom without a rebound.
16:33 of 1st period - Henrik Sedin wins face-off versus Nicklas Backstrom in Flames zone.
17:20 of 1st period - Shot by Thomas Vanek.
17:20 of 1st period - Goal by Thomas Vanek - Flames : 1 - Predators : 1.
17:21 of 1st period - David Legwand wins face-off versus Mikko Koivu in neutral zone.
17:39 of 1st period - Shot by Simon Gagne.
17:39 of 1st period - Stopped by Niklas Backstrom with a rebound.
17:41 of 1st period - Shot by David Legwand.
17:41 of 1st period - Stopped by Niklas Backstrom without a rebound.
17:42 of 1st period - Robert Lang wins face-off versus Jeff Carter in Flames zone.
17:59 of 1st period - Shot by Owen Nolan.
17:59 of 1st period - Stopped by Pekka Rinne with a rebound.
18:01 of 1st period - Shot by Roman Hamrlik.
18:01 of 1st period - Shot Blocked by Jeff Carter.
18:03 of 1st period - Shot by Owen Nolan.
18:03 of 1st period - Shot Misses the Net.
18:05 of 1st period - Shot by Robert Lang.
18:05 of 1st period - Shot Misses the Net.
18:07 of 1st period - Shot by Trevor Daley.
18:07 of 1st period - Shot Hit the Post.
18:11 of 1st period - Shot by Owen Nolan.
18:11 of 1st period - Shot Misses the Net.
18:12 of 1st period - Minor Penalty to Shea Weber for Tripping.
18:13 of 1st period - Henrik Sedin wins face-off versus David Legwand in Predators zone.
18:18 of 1st period - Shot by Daniel Sedin.
18:18 of 1st period - Stopped by Pekka Rinne with a rebound.
19:04 of 1st period - Icing by Tobias Enstrom.
19:05 of 1st period - Owen Nolan wins face-off versus Jeff Carter in Flames zone.

Period #2

0:01 of 2nd period - David Legwand wins face-off versus Henrik Sedin in neutral zone.
0:10 of 2nd period - Shot by Henrik Sedin.
0:10 of 2nd period - Stopped by Pekka Rinne without a rebound.
0:11 of 2nd period - David Legwand wins face-off versus Robert Lang in Predators zone.
0:11 of 2nd period - David Legwand is hit by Keith Tkachuk.
0:37 of 2nd period - Shot by Dan Boyle.
0:37 of 2nd period - Shot Misses the Net.
1:11 of 2nd period - Shot by Phil Kessel.
1:11 of 2nd period - Shot Misses the Net.
1:37 of 2nd period - Shot by Alex Burrows.
1:37 of 2nd period - Stopped by Niklas Backstrom without a rebound.
1:38 of 2nd period - Robert Lang wins face-off versus David Legwand in Flames zone.
1:45 of 2nd period - Shot by Owen Nolan.
1:45 of 2nd period - Shot Misses the Net.
1:47 of 2nd period - Shot by Robert Lang.
1:47 of 2nd period - Shot Misses the Net.
1:51 of 2nd period - Shot by Robert Lang.
1:51 of 2nd period - Stopped by Pekka Rinne without a rebound.
1:52 of 2nd period - Keith Tkachuk wins face-off versus David Legwand in Predators zone.
1:53 of 2nd period - Shot by Robert Lang.
1:53 of 2nd period - Shot Misses the Net.
1:54 of 2nd period - Minor Penalty to Keith Tkachuk for Hooking.
1:55 of 2nd period - Mikko Koivu wins face-off versus Nicklas Backstrom in Flames zone.
5:11 of 2nd period - Shot by Daniel Sedin.
5:11 of 2nd period - Stopped by Pekka Rinne without a rebound.
5:12 of 2nd period - Mikko Koivu wins face-off versus Nicklas Backstrom in Predators zone.
5:31 of 2nd period - Braydon Coburn is hit by Mike Commodore and loses puck.
6:49 of 2nd period - Shot by Owen Nolan.
6:49 of 2nd period - Deflect By Keith Tkachuk.
6:49 of 2nd period - Stopped by Pekka Rinne with a rebound.
6:51 of 2nd period - Shot by Keith Tkachuk.
6:51 of 2nd period - Stopped by Pekka Rinne with a rebound.
6:53 of 2nd period - Shot by Owen Nolan.
6:53 of 2nd period - Shot Misses the Net.
6:57 of 2nd period - Shot by Owen Nolan.
6:57 of 2nd period - Shot Misses the Net.
7:02 of 2nd period - Shot by Owen Nolan.
7:02 of 2nd period - Stopped by Pekka Rinne with a rebound.
7:03 of 2nd period - Minor Penalty to Braydon Coburn for Tripping.
7:04 of 2nd period - Robert Lang wins face-off versus Jeff Carter in Predators zone.
7:57 of 2nd period - Shot by Phil Kessel.
7:57 of 2nd period - Shot Misses the Net.
7:59 of 2nd period - Shot by Dan Boyle.
7:59 of 2nd period - Stopped by Pekka Rinne with a rebound.
8:01 of 2nd period - Shot by Dan Boyle.
8:01 of 2nd period - Shot Misses the Net.
8:03 of 2nd period - Shot by Henrik Sedin.
8:03 of 2nd period - Stopped by Pekka Rinne without a rebound.
8:04 of 2nd period - Henrik Sedin wins face-off versus David Legwand in Predators zone.
8:13 of 2nd period - Shot by Dan Boyle.
8:13 of 2nd period - Stopped by Pekka Rinne without a rebound.
8:14 of 2nd period - David Legwand wins face-off versus Owen Nolan in Predators zone.
8:36 of 2nd period - Shot by Owen Nolan.
8:36 of 2nd period - Goal by Owen Nolan - Flames : 2 - Predators : 1.
8:37 of 2nd period - Mikko Koivu wins face-off versus Jeff Carter in neutral zone.
8:55 of 2nd period - Shot by Valtteri Filppula.
8:55 of 2nd period - Shot Misses the Net.
9:01 of 2nd period - Shot by Mikko Koivu.
9:01 of 2nd period - Shot Misses the Net.
9:05 of 2nd period - Shot by Mikko Koivu.
9:05 of 2nd period - Shot Misses the Net.
9:09 of 2nd period - Shot by Dan Boyle.
9:09 of 2nd period - Stopped by Pekka Rinne without a rebound.
9:10 of 2nd period - Henrik Sedin wins face-off versus David Legwand in Predators zone.
9:15 of 2nd period - Shot by Phil Kessel.
9:15 of 2nd period - Stopped by Pekka Rinne without a rebound.
9:16 of 2nd period - David Legwand wins face-off versus Henrik Sedin in Predators zone.
9:53 of 2nd period - Simon Gagne is hit by Keith Tkachuk and loses puck.
10:26 of 2nd period - Minor Penalty to Roman Hamrlik for Hooking.
10:27 of 2nd period - Nicklas Backstrom wins face-off versus Mikko Koivu in Flames zone.
10:30 of 2nd period - Shot by Shea Weber.
10:30 of 2nd period - Shot Blocked by Chris Pronger.
10:32 of 2nd period - Shot by Steven Stamkos.
10:32 of 2nd period - Stopped by Niklas Backstrom without a rebound.
10:33 of 2nd period - Mikko Koivu wins face-off versus Nicklas Backstrom in Flames zone.
10:47 of 2nd period - Icing by Nicklas Backstrom.
10:48 of 2nd period - Nicklas Backstrom wins face-off versus Matt Cullen in Predators zone.
10:50 of 2nd period - Icing by Thomas Vanek.
10:51 of 2nd period - Mikko Koivu wins face-off versus Nicklas Backstrom in Predators zone.
10:54 of 2nd period - Shot by Valtteri Filppula.
10:54 of 2nd period - Stopped by Pekka Rinne without a rebound.
10:55 of 2nd period - Jeff Carter wins face-off versus Matt Cullen in Predators zone.
11:22 of 2nd period - Shot by Simon Gagne.
11:22 of 2nd period - Stopped by Niklas Backstrom without a rebound.
11:23 of 2nd period - Nicklas Backstrom wins face-off versus Mikko Koivu in Flames zone.
12:21 of 2nd period - Shot by Jeff Carter.
12:21 of 2nd period - Shot Blocked by Paul Mara.
12:26 of 2nd period - Icing by Paul Mara.
12:27 of 2nd period - Nicklas Backstrom wins face-off versus Robert Lang in Flames zone.
12:35 of 2nd period - Nicklas Backstrom is hit by Trevor Daley and loses puck.
12:44 of 2nd period - Braydon Coburn is hit by Keith Tkachuk and loses puck.
12:56 of 2nd period - Owen Nolan is hit by Braydon Coburn and loses puck.
13:04 of 2nd period - Minor Penalty to Braydon Coburn for Roughing.
13:05 of 2nd period - Henrik Sedin wins face-off versus Jeff Carter in Predators zone.
13:30 of 2nd period - Shot by Henrik Sedin.
13:30 of 2nd period - Stopped by Pekka Rinne without a rebound.
13:31 of 2nd period - David Legwand wins face-off versus Robert Lang in Predators zone.
13:58 of 2nd period - Icing by Chris Pronger.
13:59 of 2nd period - Robert Lang wins face-off versus David Legwand in Flames zone.
14:38 of 2nd period - Shot by Dan Boyle.
14:38 of 2nd period - Shot Misses the Net.
14:42 of 2nd period - Shot by Henrik Sedin.
14:42 of 2nd period - Shot Blocked by Zbynek Michalek.
14:46 of 2nd period - Shot by Daniel Sedin.
14:46 of 2nd period - Deflect By Phil Kessel.
14:46 of 2nd period - Shot Misses the Net.
14:48 of 2nd period - Shot by Dan Boyle.
14:48 of 2nd period - Stopped by Pekka Rinne without a rebound.
14:49 of 2nd period - Mikko Koivu wins face-off versus Jeff Carter in Predators zone.
15:50 of 2nd period - Icing by Tomas Kaberle.
15:51 of 2nd period - Jeff Carter wins face-off versus Henrik Sedin in Predators zone.
16:01 of 2nd period - Icing by Tobias Enstrom.
16:02 of 2nd period - David Legwand wins face-off versus Henrik Sedin in Flames zone.
16:08 of 2nd period - Icing by Tobias Enstrom.
16:09 of 2nd period - Henrik Sedin wins face-off versus Nicklas Backstrom in Flames zone.
16:25 of 2nd period - Icing by Zbynek Michalek.
16:26 of 2nd period - Nicklas Backstrom wins face-off versus Robert Lang in Predators zone.
16:44 of 2nd period - Shot by Nicklas Backstrom.
16:44 of 2nd period - Stopped by Niklas Backstrom without a rebound.
16:45 of 2nd period - David Legwand wins face-off versus Marco Sturm in Flames zone.
17:04 of 2nd period - Shot by Simon Gagne.
17:04 of 2nd period - Shot Misses the Net.
17:13 of 2nd period - Mikko Koivu is hit by Derek Morris and loses puck.
18:02 of 2nd period - Shot by Robert Lang.
18:02 of 2nd period - Shot Blocked by Derek Morris.
18:04 of 2nd period - Shot by Roman Hamrlik.
18:04 of 2nd period - Stopped by Pekka Rinne without a rebound.
18:05 of 2nd period - Patrik Elias wins face-off versus Henrik Sedin in Predators zone.
18:15 of 2nd period - Off-side.
18:16 of 2nd period - Henrik Sedin wins face-off versus Nicklas Backstrom in neutral zone.
18:28 of 2nd period - Daniel Sedin is hit by Steven Stamkos and loses puck.
18:43 of 2nd period - Shot by Alex Burrows.
18:43 of 2nd period - Stopped by Niklas Backstrom without a rebound.
18:44 of 2nd period - Jeff Carter wins face-off versus Mikko Koivu in Flames zone.
18:49 of 2nd period - Shot by Patrik Elias.
18:49 of 2nd period - Shot Misses the Net.
19:00 of 2nd period - Icing by Marco Sturm.
19:01 of 2nd period - Jeff Carter wins face-off versus Mikko Koivu in Flames zone.
19:05 of 2nd period - Shea Weber and Mike Commodore fight to a draw.
19:05 of 2nd period - Penalty to Shea Weber for Fighting.
19:05 of 2nd period - Penalty to Mike Commodore for Fighting.
19:06 of 2nd period - Nicklas Backstrom wins face-off versus Robert Lang in Flames zone.
19:06 of 2nd period - Zbynek Michalek is hit by Roman Hamrlik and loses puck.
19:12 of 2nd period - Minor Penalty to Roman Hamrlik for Slashing.
19:13 of 2nd period - Matt Cullen wins face-off versus Jeff Carter in Flames zone.
19:40 of 2nd period - Shot by Patrik Elias.
19:40 of 2nd period - Stopped by Niklas Backstrom without a rebound.
19:41 of 2nd period - Nicklas Backstrom wins face-off versus Marco Sturm in Flames zone.

Period #3

0:01 of 3rd period - Patrik Elias wins face-off versus Mikko Koivu in neutral zone.
0:23 of 3rd period - Shot by Patrik Elias.
0:23 of 3rd period - Shot Misses the Net.
0:54 of 3rd period - Brent Burns is hit by Valtteri Filppula and loses puck.
1:21 of 3rd period - Shot by Simon Gagne.
1:21 of 3rd period - Shot Misses the Net.
1:23 of 3rd period - Shot by Derek Morris.
1:23 of 3rd period - Stopped by Niklas Backstrom without a rebound.
1:24 of 3rd period - Nicklas Backstrom wins face-off versus Henrik Sedin in Flames zone.
2:00 of 3rd period - Phil Kessel is hit by Braydon Coburn and loses puck.
2:11 of 3rd period - Henrik Sedin is hit by Braydon Coburn and loses puck.
2:40 of 3rd period - Shot by Owen Nolan.
2:40 of 3rd period - Stopped by Pekka Rinne without a rebound.
2:41 of 3rd period - Scott Hartnell wins face-off versus Mikko Koivu in Predators zone.
2:41 of 3rd period - Scott Hartnell is hit by Mikko Koivu.
3:41 of 3rd period - Off-side.
3:42 of 3rd period - Jeff Carter wins face-off versus Robert Lang in neutral zone.
5:46 of 3rd period - Shot by Nicklas Backstrom.
5:46 of 3rd period - Stopped by Niklas Backstrom without a rebound.
5:47 of 3rd period - Robert Lang wins face-off versus David Legwand in Flames zone.
6:15 of 3rd period - David Legwand is hit by Trevor Daley and loses puck.
7:13 of 3rd period - Shot by Patrik Elias.
7:13 of 3rd period - Stopped by Niklas Backstrom with a rebound.
7:15 of 3rd period - Shot by Shea Weber.
7:15 of 3rd period - Stopped by Niklas Backstrom without a rebound.
7:16 of 3rd period - Henrik Sedin wins face-off versus David Legwand in Flames zone.
8:02 of 3rd period - Shot by Jeff Carter.
8:02 of 3rd period - Stopped by Niklas Backstrom without a rebound.
8:03 of 3rd period - Mikko Koivu wins face-off versus Nicklas Backstrom in Flames zone.
8:33 of 3rd period - Icing by Dan Boyle.
8:34 of 3rd period - Mikko Koivu wins face-off versus Jeff Carter in Flames zone.
8:34 of 3rd period - Dan Boyle is hit by Shea Weber and loses puck.
9:03 of 3rd period - Shot by Jeff Carter.
9:03 of 3rd period - Shot Blocked by Dan Boyle.
9:07 of 3rd period - Shot by Jeff Carter.
9:07 of 3rd period - Stopped by Niklas Backstrom without a rebound.
9:08 of 3rd period - Henrik Sedin wins face-off versus David Legwand in Flames zone.
10:21 of 3rd period - Shot by Alex Burrows.
10:21 of 3rd period - Shot Misses the Net.
11:58 of 3rd period - Shot by Simon Gagne.
11:58 of 3rd period - Stopped by Niklas Backstrom without a rebound.
11:59 of 3rd period - Nicklas Backstrom wins face-off versus Robert Lang in Flames zone.
12:00 of 3rd period - Shot by Alex Burrows.
12:00 of 3rd period - Shot Blocked by Roman Hamrlik.
12:02 of 3rd period - Shot by Braydon Coburn.
12:02 of 3rd period - Stopped by Niklas Backstrom without a rebound.
12:03 of 3rd period - Keith Tkachuk wins face-off versus Nicklas Backstrom in Flames zone.
12:08 of 3rd period - Shot by Nicklas Backstrom.
12:08 of 3rd period - Shot Blocked by Roman Hamrlik.
12:21 of 3rd period - Shot by Owen Nolan.
12:21 of 3rd period - Stopped by Pekka Rinne with a rebound.
13:29 of 3rd period - Shot by Daniel Sedin.
13:29 of 3rd period - Stopped by Pekka Rinne without a rebound.
13:30 of 3rd period - Matt Cullen wins face-off versus Jeff Carter in Predators zone.
13:46 of 3rd period - Minor Penalty to Shea Weber for High sticking.
13:47 of 3rd period - Jeff Carter wins face-off versus Robert Lang in Predators zone.
14:35 of 3rd period - Off-side.
14:36 of 3rd period - Henrik Sedin wins face-off versus Jeff Carter in neutral zone.
14:39 of 3rd period - David Legwand is hit by Daniel Sedin and loses puck.
14:44 of 3rd period - Shot by Daniel Sedin.
14:44 of 3rd period - Stopped by Pekka Rinne without a rebound.
14:45 of 3rd period - Thomas Vanek wins face-off versus Henrik Sedin in Predators zone.
16:08 of 3rd period - Shot by Mikko Koivu.
16:08 of 3rd period - Shot Blocked by Shea Weber.
16:12 of 3rd period - Shot by Roman Hamrlik.
16:12 of 3rd period - Deflect By Mikko Koivu.
16:12 of 3rd period - Stopped by Pekka Rinne without a rebound.
16:13 of 3rd period - Nicklas Backstrom wins face-off versus Mikko Koivu in Predators zone.
16:39 of 3rd period - Shot by Marco Sturm.
16:39 of 3rd period - Shot Blocked by Zbynek Michalek.
16:41 of 3rd period - Shot by Marco Sturm.
16:41 of 3rd period - Stopped by Pekka Rinne without a rebound.
16:42 of 3rd period - Henrik Sedin wins face-off versus Nicklas Backstrom in Predators zone.
17:14 of 3rd period - Minor Penalty to Daniel Sedin for High sticking.
17:15 of 3rd period - Jeff Carter wins face-off versus Matt Cullen in Flames zone.
18:40 of 3rd period - Shot by Simon Gagne.
18:40 of 3rd period - Stopped by Niklas Backstrom without a rebound.
18:41 of 3rd period - Matt Cullen wins face-off versus Thomas Vanek in Flames zone.
18:41 of 3rd period - Matt Cullen is hit by David Legwand.
18:57 of 3rd period - Shot by Thomas Vanek.
18:57 of 3rd period - Stopped by Niklas Backstrom without a rebound.
18:58 of 3rd period - Mikko Koivu wins face-off versus Jeff Carter in Flames zone.
19:15 of 3rd period - Predators, Pekka Rinne is pulled from the net.
19:29 of 3rd period - Shot by Daniel Sedin.
19:29 of 3rd period - Shot Misses the Net.
19:45 of 3rd period - Shot by Phil Kessel.
19:45 of 3rd period - Shot Misses the Net.
19:59 of 3rd period - Shot by Phil Kessel.
19:59 of 3rd period - Shot Misses the Net.


Output by the SimonT Hockey Simulator (STHS) for Stephane Roy -- Original Page W3C XHTML 1.0 Valid